 Dungeon Crawl Stone Soup version 0.30.0-5-g1a98f26d00 (webtiles) character file.

Game seed: 9919508853207832306

399 hawla the Firebug (level 7, -2/51 HPs)
             Began as a Meteoran Fire Elementalist on May 12, 2023.
             Slain by a troll (18 damage)
             ... on level 6 of the Dungeon.
             The game lasted 00:03:04 (728 turns).

hawla the Firebug (Meteoran Fire Elementalist)       Turns: 728, Time: 00:03:05

Health: -2/51      AC:  4    Str:  9    XL:     7   Next: 32%
Magic:  14/14      EV: 13    Int: 19    God:
Gold:   50         SH:  0    Dex: 15    Spells: 7/14 levels left

rFire   . . .        i - +0 quarterstaff
rCold   . . .        (shield currently unavailable)
rNeg    . . .        a - +0 robe
rPois   .            (no helmet)
rElec   .            l - +0 cloak
rCorr   .            (no gloves)
SInv    .            c - +0 pair of boots
Will    .....        (no amulet)
Stlth   +            (no ring)
HPRegen 0.28/turn    (no ring)
MPRegen 0.14/turn

%: no passive effects
@: glowing
A: sense surroundings 1, otherworldly, glowing, explore regen
a: no special abilities


You were on level 6 of the Dungeon.
You visited 1 branch of the dungeon, and saw 6 of its levels.

You collected 50 gold pieces.

Inventory:

Hand Weapons
 i - a +0 quarterstaff (weapon)
Armour
 a - a +0 robe (worn)
 c - a +0 pair of boots (worn)
 l - a +0 cloak (worn)
Wands
 j - a wand of light (13)
Scrolls
 e - a scroll of blinking {unknown}
 f - a scroll of fog {unknown}
 g - 3 scrolls of enchant weapon {unknown}
 h - a scroll of teleportation {unknown}
 k - a scroll of enchant armour {unknown}
Potions
 d - a potion of berserk rage {unknown}


   Skills:
 + Level 0.6 Fighting
 + Level 0.6 Staves
 + Level 3.3 Dodging
 - Level 1.4 Stealth
 + Level 4.2 Spellcasting
 + Level 5.3 Conjurations
 + Level 5.6 Fire Magic


You had 7 spell levels left.
You knew the following spells:

 Your Spells              Type           Power      Damage    Failure   Level
a - Foxfire               Conj/Fire      96%        2x1d8     1%          1
b - Scorch                Fire           50%        2d7       1%          2
c - Flame Wave            Conj/Fire      24%        2d8       14%         4

Your spell library contained the following spells:

 Spells                   Type           Power      Damage    Failure   Level
 Momentum Strike          Conj/Tloc      28%        3d8       7%          2
 Inner Flame              Hex/Fire       14%        N/A       13%         3
 Stone Arrow              Conj/Erth      28%        3d8       13%         3
 Volatile Blastmotes      Fire/Tloc      28%        2d12      13%         3
 Blink                    Tloc           8%         N/A       21%         2
 Lesser Beckoning         Tloc           8%         N/A       21%         2
 Animate Armour           Summ/Erth      8%         N/A       80%         4
 Lehudib's Crystal Spear  Conj/Erth      7%         10d3      100%        8


Dungeon Overview and Level Annotations

Branches:
Dungeon (7/15) Zot: 2871
 Temple: D:4-7

Altars:

Shops:
D:1 [


Innate Abilities, Weirdness & Mutations

You passively map a small area around you.
You are easily found by Zot.
You glow in the dark.
You regain HP and MP as you explore.


Message History

Confirm with . or Enter, or press ? or * to list all spells.
Flames lash the orc priest.
The orc priest is heavily wounded.
The orc priest's fire resistance burns away.
The foxfire hits the orc.
The orc is heavily wounded.
The foxfire hits the orc.
You kill the orc!
The orc priest calls down the wrath of Beogh upon you.
Beogh smites you!
Unknown command.
Casting: Scorch (safe; 2% risk of failure)
Confirm with . or Enter, or press ? or * to list all spells.
You conjure some foxfire!
The foxfire hits the orc wizard.
The orc wizard is moderately wounded.
Unknown command.
Casting: Foxfire (safe; 1% risk of failure)
Confirm with . or Enter, or press ? or * to list all spells.
The spell is quite dangerous to miscast (16% risk of failure)!
Continue anyway?
Casting: Flame Wave (quite dangerous; 16% risk of failure)
Press: ? - help, Dir - look around, f - activate A wave of flame ripples out!
The flame wave engulfs your foxfire.
Your foxfire completely resists.
The flame wave engulfs the orc wizard!
You kill the orc wizard! (Press . to intensify the flame waves.)
The foxfire hits the orc priest!
The orc priest is burned terribly!
You kill the orc priest!
A wave of flame ripples out!
The flame wave engulfs the troll!
The troll is lightly wounded.
The flame wave engulfs the phantom!
The phantom is moderately damaged.
The flame wave engulfs the orc!
You kill the orc!
The phantom hits you.
The phantom blinks!
You blink.
The phantom hits you.
The phantom blinks!
You blink.
Magic courses through your body.
The phantom hits you but does no damage.
The troll bites you!!
You die...

##.## #* , ,
##...##.# , ,
*
######.....#.#
*
#.....§......#
#.####§....###
,* , ##.o.## *
* *
##)#########
#TW.>.......,
##@#########
###


You could see a troll, a phantom and an orc wizard.

Vanquished Creatures
  Sigmund (D:3)
  Pargi (D:3)
  A phantom (D:4)
  An orc priest (D:6)
  An orc wizard (D:6)
  A worm (D:3)
  2 orcs (D:6)
  2 ball pythons (D:1)
  A giant cockroach (D:1)
  A goblin (D:2)
  A hobgoblin (D:1)
  A quokka (D:3)
  A kobold (D:4)
  2 rats
17 creatures vanquished.

Vanquished Creatures (others)
  40 foxfires
40 creatures vanquished.

Grand Total: 57 creatures vanquished

Notes
Turn   | Place    | Note
-------+----------+-------------------------------------------
     0 | D:1      | hawla the Meteoran Fire Elementalist began the quest for
                  | the Orb.
     0 | D:1      | Reached XP level 1. HP: 14/14 MP: 5/5
   188 | D:1      | Reached XP level 2. HP: 20/20 MP: 4/6
   194 | D:1      | Learned a level 2 spell: Scorch
   239 | D:1      | Found Eschet's Armour Boutique.
   466 | D:3      | Noticed Pargi
   504 | D:3      | Killed Pargi
   505 | D:3      | Reached skill level 5 in Fire Magic
   505 | D:3      | Reached XP level 3. HP: 3/27 MP: 1/9
   505 | D:3      | Reached XP level 4. HP: 3/34 MP: 1/10
   505 | D:3      | Reached XP level 5. HP: 4/39 MP: 1/11
   510 | D:3      | Learned a level 4 spell: Flame Wave
   529 | D:3      | Noticed Sigmund
   532 | D:3      | Killed Sigmund
   533 | D:3      | Reached skill level 5 in Conjurations
   533 | D:3      | Reached XP level 6. HP: 31/46 MP: 0/12
   665 | D:4      | Reached XP level 7. HP: 46/51 MP: 5/14
   686 | D:4      | You fall into a shaft and drop 3 floors!
   719 | D:6      | Noticed a troll
   728 | D:6      | Slain by a troll

Illustrated notes

Levels and vault maps discovered:
D:1:      evilmike_arrival_rings, layout_basic, serial_shops, shop,
          basic_ecumenical_altar
D:2:      layout_loops_ring, serial_shops, nicolae_shop_trees,
          minmay_tetromino_i2, uniq_robin, uniq_natasha
D:3:      layout_basic, chequers_serial_rivers_micro_b, minmay_ogre_servants,
          uniq_sigmund, uniq_crazy_yiuf_cottage, uniq_pargi
D:4:      layout_loops_ring, nicolae_overflow_hallway_of_the_gods,
          gammafunk_temple_overflow_wave, kennysheep_small_square
D:6:      layout_loops_ring, uniq_eustachio
D:7:      layout_basic, grunt_temple_overflow_champion_of_chaos,
          general_overflow_altar, uniq_joseph, uniq_pikel

Skill      XL: |  1  2  3  4  5  6 |
---------------+-------------------+-----
Fire Magic     | 4 5 |  5.6
Dodging        | 3 |  3.3
Spellcasting   | 3 4 |  4.2
Conjurations   | 2 5 |  5.3
Fighting       | |  0.6
Staves         | |  0.6
Stealth        | |  1.4

Action                     |  1- 3 |  4- 6 |  7- 9 || total
---------------------------+-------+-------+-------++-------
  Melee: Unarmed           |     3 |       |       ||     3
         Quarterstaff      |     2 |       |       ||     2
   Cast: Foxfire           |    20 |     1 |     2 ||    23
         Scorch            |     1 |     8 |     2 ||    11
         Flame Wave        |       |       |     1 ||     1
    Use: Potion            |     1 |       |     1 ||     2
 Armour: Robe              |     2 |       |     1 ||     3
  Dodge: Dodged            |    11 |     2 |       ||    13
